 Dungeon Crawl Stone Soup version 0.31.0-12-g77e489cdc1 (webtiles) character file.

Game seed: 12497573683993938153

290 H0rd4k the Insei (level 6, -2/39 HPs)
             Began as an Octopode Artificer on Feb 27, 2024.
             Slain by an orc
             ... wielding a +0 club
              (6 damage)
             ... on level 4 of the Dungeon.
             The game lasted 00:03:09 (3309 turns).

H0rd4k the Insei (Octopode Artificer)               Turns: 3309, Time: 00:03:09

Health: -2/39      AC:  1    Str: 11    XL:     6   Next: 32%
Magic:  6/6        EV: 13    Int: 15    God:
Gold:   176        SH:  0    Dex: 13    Spells: 5/5 levels left

rFire   . .          .
                       - Unarmed
rCold   . . .        (no shield)
rNeg    . . .        (helmet restricted)
rPois   .            (no amulet)
rElec   .            e - ring of wizardry
rCorr   .            (no ring)
SInv    .            (no ring)
Will    .....        (no ring)
Stlth   +++          (no ring)
HPRegen 0.26/turn    (no ring)
MPRegen 0.10/turn    (no ring)
                     (no ring)

%: wizardry (x1)
@: no status effects
A: almost no armour, amphibious, 8 rings, camouflage 1, gelatinous body 1,
(nimble swimmer 1), tentacles
a: no special abilities


You were on level 4 of the Dungeon.
You visited 1 branch of the dungeon, and saw 4 of its levels.

You collected 176 gold pieces.

Inventory:

Hand Weapons
 k - a +2 whip of draining
Missiles
 f - 5 poisoned darts
Jewellery
 e - a ring of wizardry (left tentacle)
Talismans
 p - a beast talisman
Wands
 b - a wand of flame (14) (quivered)
 c - a wand of charming (13)
 d - a wand of iceblast (1)
 l - a wand of roots (3)
Scrolls
 a - 6 scrolls of identify {unknown}
 g - 2 scrolls of amnesia {unknown}
 h - a scroll of fog {unknown}
 m - a scroll of immolation {unknown}
 n - a scroll of vulnerability {unknown}
Potions
 i - a potion of enlightenment {unknown}
 j - a potion of berserk rage {unknown}
 o - a potion of heal wounds {unknown}


   Skills:
 + Level 2.1 Fighting
 - Level 2.3 Dodging
 - Level 1.3 Stealth
 + Level 5.7 Unarmed Combat
 - Level 3.2 Evocations


You had 5 spell levels left.
You didn't know any spells.
Your spell library contained the following spells:

 Spells                   Type           Power      Damage    Failure   Level
 Call Imp                 Summ           0%         N/A       16%         2
 Mercury Vapours          Alch/Air       0%         N/A       16%         2
 Sublimation of Blood     Necr           0%         N/A       16%         2
 Mephitic Cloud           Conj/Alch/Air  0%         N/A       32%         3
 Freezing Cloud           Conj/Ice/Air   0%         6-21      95%         5
 Summon Hydra             Summ           0%         N/A       100%        7


Dungeon Overview and Level Annotations

Branches:
Dungeon (4/15)
 Temple: D:4-7

Altars:

Shops:
D:3 *


Innate Abilities, Weirdness & Mutations

You cannot wear most types of armour.
You are amphibious.
You can wear up to eight rings at the same time.
Your skin changes colour to match your surroundings (Stealth+).
Your rubbery body absorbs attacks. (AC +1, EV +1)
((You are camouflaged when in or above water. (Stealth+)))
You have tentacles for arms and can constrict up to eight enemies at once.


Message History

What are your orders? t - Shout!
Orders for allies: a - Attack new target. p - Attack previous target. r - Retreat! s - Stop attacking. g - Guard the area. f - Follow me.
Anything else - Cancel.
Guard this area!
The orc wizard points at you and mumbles some strange words.
You are confused.
The orc hits your orc with a +0 club.
Your orc barely misses the orc.
The orc hits your orc but does no damage.
Your orc hits the orc with a +0 flail.
The orc dies!
The orc hits your orc with a +0 club.
Your orc dies!
You are too confused!
You bump into the rock wall.
The orc misses you.
You bump into the rock wall.
You bump into the closed door.
You feel less confused. The orc barely misses you.
The orc wizard hits you with a +0 dagger.
The orc barely misses you.
You open the door.
The orc hits you from afar with a +0 trident!
The orc wizard closely misses you. The orc hits you with a +0 club.
Found a dark potion and 4 gold pieces.
The orc attacks as it pursues you!
The orc hits you from afar with a +0 trident!
* * * LOW HITPOINT WARNING * * *
There is an open door here.
Found 12 gold pieces.
The orc wizard casts a spell.
The orc wizard flickers and vanishes!
Deactivating autopickup; reactivate with Ctrl-A.
Aiming: Charm
Press: ? - help, Shift-Dir - straight line, f - orc
Aim: an orc, wielding a +0 club (chance to affect: 73%)
The orc struggles to resist.
The orc hits you with a +0 club.
You die...

....... ... ....... #..# .......
##..##......$ ##..#...#........
+...#...#......# ...#...#......##
#..#...#@....... #######
#..##.oo........
.......##..##.{##.!.....
..........)##..##.....$. #.....
#..)....#.....##
##...o.##.......+.....#######
#..............##.....##....# #
#..............#########....# #
+..............#.....)....>######


You could see 2 orcs.

Vanquished Creatures
  A bombardier beetle (D:3)
  A jelly (D:4)
  A hound (D:4)
  A gnoll bouda (D:4)
  4 gnolls (D:4)
  4 adders
  5 dart slugs
  2 ribbon worms
  4 orcs
  6 endoplasms
  2 giant cockroaches (D:1)
  3 goblins
  9 hobgoblins
  3 jackals
  5 quokkas
  8 ball pythons
  3 bats (D:1)
  2 frilled lizards
  7 kobolds
  4 rats
75 creatures vanquished.

Vanquished Creatures (collateral kills)
  An orc (D:4)
1 creature vanquished.

Vanquished Creatures (others)
  An orc (D:4)
1 creature vanquished.

Grand Total: 77 creatures vanquished

Notes
Turn   | Place    | Note
-------+----------+-------------------------------------------
     0 | D:1      | H0rd4k the Octopode Artificer began the quest for the Orb.
     0 | D:1      | Reached XP level 1. HP: 13/13 MP: 1/1
   210 | D:1      | Reached skill level 1 in Unarmed Combat
   210 | D:1      | Reached XP level 2. HP: 18/18 MP: 2/2
   854 | D:2      | Reached skill level 2 in Unarmed Combat
   890 | D:2      | Reached XP level 3. HP: 18/23 MP: 3/3
  1345 | D:2      | Reached skill level 3 in Unarmed Combat
  1458 | D:2      | Reached XP level 4. HP: 19/29 MP: 4/4
  2138 | D:3      | Found a faded altar of an unknown god.
  2302 | D:3      | Reached skill level 4 in Unarmed Combat
  2319 | D:3      | Reached XP level 5. HP: 33/33 MP: 5/5
  2505 | D:3      | Found Rilaatoo's General Store.
  3136 | D:4      | Reached skill level 5 in Unarmed Combat
  3137 | D:4      | Reached XP level 6. HP: 39/39 MP: 6/6
  3309 | D:4      | Slain by an orc

Illustrated notes

Levels and vault maps discovered:
D:1:      giann_wishing_wells, layout_basic, supply_closet_lemuel
D:2:      layout_basic, nrook_mini_backslash, minmay_between
D:3:      layout_loops_corners, serial_shops, nicolae_shop_real_fake_doors,
          shapermc_ecumenical_altar_petra
D:4:      layout_gridville, mainiacjoe_overflow_divided_tiny

Skill      XL: |  1  2  3  4  5 |
---------------+----------------+-----
Unarmed Combat | 1 2 3 4 5 |  5.7
Fighting       | 2 |  2.1
Dodging        | |  2.3
Stealth        | |  1.3
Evocations     | |  3.2

Action                     |  1- 3 |  4- 6 || total
---------------------------+-------+-------++-------
  Melee: Unarmed           |    83 |    78 ||   161
         Tentacles         |    22 |    23 ||    45
         Constrict         |    22 |    19 ||    41
         Punch             |     1 |     3 ||     4
  Evoke: Wand              |       |     7 ||     7
   Stab: Sleeping          |    13 |    10 ||    23
         Distracted        |       |     1 ||     1
 Armour: Skin              |    30 |    23 ||    53
  Dodge: Dodged            |    42 |    36 ||    78
